cohdb
Replays
Latest Replays
All Replays
Popular Replays
Top Player Replays
Match Explorer
How It Works
Community
CoH3 Stats
Reddit
Sign in to upload your games and track your stats! →
Sign in with Steam
Match 45673562
Unlisted
Match 45673562
Overview
Messages
Build Orders
End
Construct Infanterie Kompanie
Selects Terror Battlegroup
Selects Machine Gun Camouflage
MG 42 Machine Gun Team
MG 42 Machine Gun Team
Grenadier Squad
Medical Station
Construct Luftwaffe Kompanie
Jäger Squad
Jäger Squad
Jäger Squad
MG 42 Machine Gun Team
Selects Defend the Fatherland
Selects Defend the Fatherland
Jäger Squad
BOBI
Mafioznik
Robin
Don Pitudo
Rageon
rory
0
0
Comments
sign in to comment!
No comments posted yet!